Map: Ulrena

Players

FireCake - Winner!

  • Race: Zerg Zerg
  • League: Grandmaster

LiquidSnute (Snute)

  • Race: Zerg Zerg
  • League: Grandmaster

Event: Homestory Cup XII

VOD

Have the link to the VOD?

Description

Time

  • Played on: Dec. 20, 2015, 3:45 p.m.
  • Length: 13:29

All games in this series

Show
View Real Time Build Order
Export as new Build Order

FireCake Zerg - Winner!

Build Orders: Pool First, Zergling Baneling 

Get SALT Encoding   

  12  0:01  Drone  
  13  0:08  Drone  
  14  0:17  Overlord  
  14  0:22  Extractor  
  14  0:23  Drone  
  15  0:35  Drone x2  
  17  0:45  Spawning Pool  
  17  0:47  Drone  
  17  1:07  Extractor  
  17  1:11  Hatchery  
  15  1:14  Drone  
  15  1:17  Drone  
  17  1:32  Queen  
  17  1:33  Zergling x2  
  17  1:35  Zergling x2  
  21  1:40  Zergling x2  
  22  1:51  Zergling x2, Extractor  
  23  1:56  Spine Crawler  
  22  2:04  Overlord  
  23  2:22  Queen  
  25  2:23  Metabolic Boost  
  25  2:25  Zergling x6  
  28  2:39  Baneling Nest  
  28  2:43  Zergling x6  
  30  2:52  Zergling x4  
  32  3:05  Zergling x6  
  33  3:12  Overlord  
  35  3:23  Baneling x5  
  35  3:28  Zergling x2  
  35  3:32  Baneling  
  35  3:33  Baneling  
  36  3:34  Zergling x2  
  36  3:41  Zergling x2  
  33  3:52  Zergling x6  
  34  3:58  Zergling x2  
  34  3:59  Zergling x2  
  33  4:03  Zergling x2  
  33  4:09  Zergling x2  
  33  4:15  Zergling x4  
  32  4:23  Drone  
  32  4:24  Drone  
  30  4:28  Drone  
  30  4:30  Drone  
  32  4:33  Drone  
  34  4:38  Drone  
  34  4:43  Drone  
  35  4:52  Baneling  
  35  4:56  Drone x4  
  35  4:59  Drone  
  40  5:05  Drone  
  40  5:06  Drone  
  42  5:07  Drone  
  42  5:12  Overlord  
  43  5:20  Drone  
  44  5:25  Roach Warren  
  43  5:35  Drone x6  
  49  5:47  Baneling x2  
  49  5:49  Zergling x10  
  51  5:59  Extractor  
  51  6:02  Overlord  
  50  6:12  Hatchery  
  46  6:26  Roach x7  
  46  6:31  Overlord  
  46  6:32  Overlord x2  
  58  6:52  Drone  
  58  6:53  Drone x7  
  66  6:57  Evolution Chamber, Ravager x3  
  66  6:59  Overlord  
  66  7:00  Overlord  
  68  7:01  Queen  
  70  7:09  Overlord  
  70  7:18  Roach  
  70  7:19  Roach x3  
  78  7:24  Roach  
  78  7:25  Roach  
  83  7:30  Roach  
  83  7:35  Drone x3  
  86  7:41  Extractor  
  85  7:48  Overlord  
  84  7:56  Roach  
  84  7:57  Overlord, Roach x5  
  96  7:58  Overlord  
  96  7:59  Overlord  
  94  8:08  Overlord  
  94  8:09  Overlord  
  94  8:15  Zerg Missile Weapons Level 1  
  94  8:18  Roach x2  
  98  8:20  Overlord  
  98  8:24  Roach x2  
  102  8:32  Overlord  
  102  8:35  Extractor  
  102  8:36  Extractor  
  102  8:37  Drone x8  
  102  8:41  Lair  
  108  8:51  Roach x4  
  116  8:59  Roach  
  116  9:00  Roach x3  
  124  9:10  Roach x4  
  124  9:13  Overlord  
  132  9:17  Roach  
  132  9:23  Roach x3  
  140  9:29  Roach x3  
  146  9:36  Roach x3  
  152  9:41  Roach  
  152  9:42  Roach  
  152  9:44  Overlord  
  152  9:45  Ravager x2  
  158  9:46  Ravager  
  158  9:49  Roach  
  161  10:05  Roach  
  161  10:06  Roach x6  
  170  10:11  Zerg Missile Weapons Level 2  
  170  10:13  Drone x3  
  171  10:16  Overseer  
  171  10:20  Roach x2  
  175  10:24  Roach  
  175  10:26  Overlord  
  175  10:27  Overlord  
  177  10:30  Overlord  
  177  10:34  Glial Reconstitution  
  177  10:50  Roach x3  
  177  10:53  Roach  
  177  10:54  Hatchery, Roach  
  186  10:58  Roach x2  
  186  11:02  Roach  
  186  11:03  Roach  
  194  11:10  Roach x3  
  198  11:38  Roach  
  198  11:39  Roach x4  
  190  11:47  Roach x6  
  190  11:52  Roach x3  
  196  11:57  Roach x5  
  196  11:58  Roach x3  
  170  12:04  Roach x3  
  164  12:11  Roach x3  
  168  12:18  Roach x4  
  176  12:25  Roach x2  
  176  12:29  Ravager x2  
  182  12:30  Ravager  
  182  12:32  Ravager  
  182  12:33  Ravager  
  182  12:35  Ravager x2  
  187  12:44  Roach x5  
  197  13:01  Roach x2  
Show
View Real Time Build Order
Export as new Build Order

LiquidSnute Zerg 

Build Orders: Pool First, Zergling Baneling 

Get SALT Encoding   

  12  0:00  Drone  
  13  0:21  Spawning Pool  
  13  0:25  Drone  
  13  0:29  Drone  
  14  0:36  Drone, Extractor  
  15  0:43  Overlord  
  15  1:08  Queen  
  15  1:09  Zergling x6  
  20  1:20  Zergling x2  
  21  1:30  Zergling x2  
  22  1:36  Hatchery  
  21  1:42  Drone  
  22  1:52  Overlord  
  22  1:55  Extractor  
  21  2:02  Drone  
  23  2:15  Drone  
  23  2:16  Drone x3  
  26  2:26  Drone  
  27  2:36  Drone  
  28  2:41  Queen  
  30  2:47  Baneling Nest  
  30  2:49  Queen  
  31  2:55  Zergling x6  
  34  3:01  Overlord  
  34  3:06  Zergling x2  
  35  3:31  Baneling x2  
  35  3:32  Baneling x3  
  35  3:35  Queen  
  35  3:36  Queen  
  35  3:53  Baneling x2  
  32  3:59  Zergling x14  
  31  4:14  Zergling x2  
  29  4:19  Baneling  
  29  4:36  Drone x3  
  32  4:45  Drone  
  32  4:46  Drone x2  
  35  4:53  Drone  
  35  4:55  Drone  
  35  4:59  Drone  
  38  5:03  Drone  
  38  5:05  Drone  
  40  5:11  Drone  
  40  5:12  Drone  
  40  5:21  Baneling x2  
  40  5:24  Roach Warren, Drone  
  40  5:27  Drone  
  41  5:29  Extractor  
  41  5:32  Drone x2  
  42  5:38  Overlord  
  42  5:47  Drone x2  
  43  5:55  Overlord  
  43  5:56  Drone  
  43  5:57  Drone x3  
  46  5:58  Drone  
  46  5:59  Drone  
  49  6:13  Hatchery  
  49  6:15  Drone  
  51  6:18  Roach  
  51  6:24  Hatchery  
  50  6:31  Roach x3  
  53  6:33  Roach  
  53  6:36  Roach x2  
  59  6:50  Drone  
  59  6:51  Overlord x2  
  60  6:57  Overlord  
  60  7:04  Hatchery  
  60  7:05  Overlord x2  
  59  7:11  Roach x3  
  59  7:14  Roach  
  67  7:17  Roach  
  67  7:19  Ravager x2  
  67  7:21  Roach  
  73  7:24  Roach  
  75  7:31  Roach x3  
  75  7:36  Roach  
  83  7:39  Roach  
  83  7:42  Roach  
  87  7:53  Roach  
  87  7:54  Roach  
  91  8:01  Roach  
  93  8:07  Roach  
  93  8:08  Ravager  
  96  8:13  Hatchery  
  96  8:15  Drone x2  
  96  8:17  Extractor  
  96  8:25  Roach x2  
  100  8:33  Overlord x4  
  100  8:38  Overlord  
  100  8:50  Evolution Chamber  
  100  8:52  Roach x5  
  109  8:59  Roach  
  111  9:04  Roach x4  
  111  9:07  Roach  
  111  9:08  Roach x2  
  125  9:12  Roach  
  127  9:18  Extractor  
  127  9:21  Zerg Missile Weapons Level 1  
  126  9:26  Roach  
  126  9:27  Roach  
  130  9:32  Roach  
  130  9:33  Roach  
  134  9:39  Extractor  
  134  9:40  Roach x2  
  134  9:45  Overlord  
  136  9:50  Ravager  
  137  10:06  Roach  
  137  10:07  Roach x7  
  151  10:15  Ravager  
  151  10:20  Overlord, Roach  
  151  10:21  Overlord  
  154  10:35  Overlord  
  154  10:40  Roach x4  
  162  10:43  Roach  
  162  10:49  Ravager  
  166  10:50  Ravager  
  166  10:51  Ravager x2  
  170  10:57  Roach x2  
  172  11:05  Roach x2  
  176  11:17  Roach  
  176  11:18  Overlord  
  178  11:19  Overlord  
  171  11:40  Roach x5  
  164  11:51  Roach  
  164  11:52  Roach  
  152  11:59  Roach x2  
  109  12:13  Ravager x3  
  109  12:14  Ravager x2  
  109  12:15  Ravager x3  
  116  12:18  Ravager  
  116  12:19  Ravager  
  116  12:20  Ravager  
  116  12:21  Roach x2  
  124  12:25  Roach  
  126  12:33  Roach  
  128  12:38  Roach  
  128  12:39  Roach  
  132  12:47  Roach x2  
  132  13:01  Roach x4  
Tags
 
Add a new tag
Caveats
  • Supply blocks, unpowered buildings, or Contaminate may cause inaccurate times.
  • Supply counts are checked every 10 seconds.